 Dungeon Crawl Stone Soup version 0.23-a0-358-g98c7a59 (webtiles) character file.

3245 Garbasso the Insei (level 9, -3/85 HPs)
             Began as a Demonspawn Transmuter on Oct 22, 2018.
             Was a Believer of Okawaru.
             Slain by a purple ugly thing (13 damage)
             ... on level 8 of the Dungeon.
             The game lasted 00:27:14 (11169 turns).

Garbasso the Insei (Demonspawn Transmuter)         Turns: 11169, Time: 00:27:15

Health: -3/85      AC:  6    Str: 13    XL:     9   Next: 67%
Magic:  7/12       EV: 16    Int: 18    God:    Okawaru [**....]
Gold:   873        SH:  0    Dex: 14    Spells: 3/12 levels left

rFire    x . .     SeeInvis .     - Unarmed
rCold    + + +     Gourm    +   (shield currently unavailable)
rNeg     + . .     Faith    .   (armour currently unavailable)
rPois    +         Spirit   .   (helmet currently unavailable)
rElec    .         Reflect  .   (cloak currently unavailable)
rCorr    .         Harm     .   (gloves currently unavailable)
MR       .....                  (boots currently unavailable)
Stlth    +++.......             k - amulet of the gourmand
HPRegen  0.24/turn              p - ring of positive energy
MPRegen  0.13/turn              y - +3 ring of strength

@: ice-form, heroism
A: large, powered by death 1, flame cloud immunity
a: End Transformation, Heroism, Renounce Religion


You were on level 8 of the Dungeon.
You worshipped Okawaru.
Okawaru was pleased with you.
You were very full.
You were a creature of crystalline ice.
You visited 2 branches of the dungeon, and saw 9 of its levels.
You also visited: Bailey.

You collected 873 gold pieces.

Inventory:

Hand Weapons
 C - the +4 shortbow of the Globe {flame, *Corrode rElec rF++}
   (You found it in a bailey)

   It causes projectiles fired from it to burn those they strike, causing extra
   injury to most foes and up to half again as much damage against particularly
   susceptible opponents.
   It greatly protects you from fire.
   It insulates you from electricity.
   It may corrode you when you take damage.
 E - the +1 flail of the Warrior-Mage (melded) {crush, rF+ Int+4}
   (You found it on level 8 of the Dungeon)

   It inflicts extra damage upon your enemies.
   It affects your intelligence (+4).
   It protects you from fire.
Missiles
 a - 140 arrows
 e - 4 javelins (quivered)
Armour
 b - a +0 robe (melded)
 h - a +1 helmet (melded)
 o - a +0 cloak (melded)
 w - a +0 pair of gloves (melded)
Jewellery
 k - an amulet of the gourmand (around neck)
 p - a ring of positive energy (left front paw)
 y - a +3 ring of strength (right front paw)
Wands
 q - a wand of iceblast (3)
 t - a wand of disintegration (13)
Scrolls
 f - 3 scrolls of amnesia
 j - 2 scrolls of enchant armour
 l - 2 scrolls of teleportation
 n - 4 scrolls of remove curse
 r - a scroll of immolation
 A - a scroll of fog {unknown}
 B - a scroll of vulnerability {unknown}
Potions
 c - a potion of cancellation
 g - 2 potions of berserk rage
 i - a potion of brilliance
 m - 2 potions of heal wounds
 s - a potion of haste
 u - 4 potions of curing
 v - a potion of agility
Miscellaneous
 z - a box of beasts
Comestibles
 d - 18 rations
 D - 4 chunks of flesh


   Skills:
 + Level 6.5(11.5) Fighting
 + Level 5.8(10.8) Dodging
 + Level 6.5(11.5) Unarmed Combat
 - Level 2.0 Spellcasting
 * Level 6.1 Transmutations
 - Level 4.0 Ice Magic


You had 3 spell levels left.
You knew the following spells:

 Your Spells              Type           Power        Failure   Level  Hunger
a - Ice Form              Ice/Tmut       ###.....     22%         4    #####..
b - Sticks to Snakes      Tmut           ###.....     2%          2    ###....
c - Spider Form           Tmut/Pois      ##........   16%         3    ###....

Your spell library contained the following spells:

 Spells                   Type           Power        Failure   Level  Hunger
 Beastly Appendage        Tmut           ###...       1%          1    #......
 Corona                   Hex            #......      19%         1    #......
 Slow                     Hex            #.......     26%         2    ###....
 Inner Flame              Hex/Fire       #.......     47%         3    ###....
 Portal Projectile        Hex/Tloc       #.....       47%         3    ###....
 Blade Hands              Tmut           ###.......   36%         5    ######.
 Cause Fear               Hex            #.........   87%         4    #####..
 Leda's Liquefaction      Hex/Erth       #.........   87%         4    #####..


Dungeon Overview and Level Annotations

Branches:
Dungeon (8/15)             Temple (1/1) D:6
   Lair: D:8-11

Altars:
Ashenzari
Dithmenos
Fedhas
Gozag
Hepliaklqana
Kikubaaqudgha
Makhleb
Nemelex Xobeh
Okawaru
Ru
Sif Muna
Trog
Uskayaw
Vehumet
Zin
The Shining One

Shops:
D:6 [

Annotations:
D:4 2 runed doors, Karim's ghost, amateur GnWz


Innate Abilities, Weirdness & Mutations

((You have sharp toenails.))
((You are partially covered in iridescent scales. (AC +2)))
((Your flesh is heat resistant. (rF+)))
You regenerate a little health from kills.
You are immune to clouds of flame.


Message History

You punch the purple ugly thing! You freeze the purple ugly thing.
The purple ugly thing is moderately wounded.
You completely miss the purple ugly thing.
The purple ugly thing is moderately wounded.
The purple ugly thing claws you!!
You barely miss the purple ugly thing.
The purple ugly thing is moderately wounded.
The purple ugly thing claws you!
You pummel the purple ugly thing!! You freeze the purple ugly thing!
The purple ugly thing is severely wounded.
The purple ugly thing claws you!
* * * LOW HITPOINT WARNING * * *
You barely miss the purple ugly thing.
The purple ugly thing is severely wounded.
The purple ugly thing claws you!
* * * LOW HITPOINT WARNING * * *
You punch the purple ugly thing! You freeze the purple ugly thing.
The purple ugly thing is almost dead.
The purple ugly thing claws you!
You die...

...#.# #######..##### #..#.#..##
##.#.# #.................#.#..#
#.#.# #.####.....####...#.#..#
#.#.# #.#).##...##.?#...#.#..#
#.#.# #.#.÷.##.##...#...#.#..#
#.#.# #.##..÷#.#...##...#....#
#.#.# #..##.'#.#a.##....###.##
#.#.###...###..u###.....#.#.####
#.#.##........8Y........#...##..
#.#.......###...###.....#.####.#
#.#.#.#..## +#.#'.##....#(#....#
#.#...#.## #.#...##...#.#.####
#.#.###.# ##.##...#...#...###
#.#.....# ##...##..#.........##
#.####..####.....####.....<...÷.
#.# #.................#......##
#.####'#######.#######.#......#


You could see a purple ugly thing and a worker ant.

Vanquished Creatures
  Prince Ribbit (D:6)
  A hippogriff (D:5)
  Menkaure (D:6)
  Edmund (D:5)
  3 orc warriors (Bailey)
  An ice beast (D:7)
  3 sky beasts
  6 ogres
  3 centaurs
  4 bullfrogs
  2 scorpions
  3 howler monkeys
  2 centaur zombies
  A bullfrog zombie (D:5)
  Crazy Yiuf (D:5)
  A hound (D:6)
  A centaur skeleton (D:6)
  An orc priest (D:5)
  2 bullfrog skeletons (D:5)
  2 worker ants (D:7)
  3 iguanas
  3 orc wizards (D:5)
  A hound skeleton (D:6)
  A worker ant zombie (D:7)
  Robin (D:4)
  9 gnolls
  8 adders
  An ooze (D:7)
  2 adder zombies (D:5)
  2 worms (D:2)
  A leopard gecko (D:8)
  12 orcs
  4 bats (D:1)
  3 giant cockroaches
  11 goblins
  9 hobgoblins
  8 jackals
  4 quokkas
  5 frilled lizards
  13 kobolds
  2 quokka skeletons (D:4)
  8 rats
  A bush (D:2)
  A plant (D:2)
153 creatures vanquished.

Vanquished Creatures (collateral kills)
  A gnoll shaman (D:5)
  A worker ant (D:4)
  2 orcs (D:5)
  A hobgoblin (D:2)
5 creatures vanquished.

Grand Total: 158 creatures vanquished

Notes
Turn   | Place    | Note
-------+----------+-------------------------------------------
     0 | D:1      | Garbasso the Demonspawn Transmuter began the quest for the
                  | Orb.
     0 | D:1      | Reached XP level 1. HP: 15/15 MP: 3/3
   460 | D:1      | Gained mutation: You regenerate a little health from kills.
                  | [demonic ancestry]
   460 | D:1      | Reached XP level 2. HP: 21/21 MP: 3/5
   632 | D:1      | Learned a level 2 spell: Sticks to Snakes
  2119 | D:2      | Mutation became permanent: You have razor-sharp toenails.
                  | [demonic ancestry]
  2119 | D:2      | Gained mutation: You have claws for feet. [demonic
                  | ancestry]
  2119 | D:2      | Reached XP level 3. HP: 18/26 MP: 4/6
  3180 | D:3      | Gained mutation: Your flesh is heat resistant. (rF+)
                  | [demonic ancestry]
  3180 | D:3      | Reached XP level 4. HP: 28/33 MP: 7/7
  3195 | D:3      | Learned a level 3 spell: Spider Form
  3600 | D:3      | Found a hazy altar of Hepliaklqana.
  3601 | D:3      | Found an ancient bone altar of Kikubaaqudgha.
  3705 | D:4      | Noticed Robin
  3731 | D:4      | Killed Robin
  3731 | D:4      | Gained mutation: You are immune to clouds of flame.
                  | [demonic ancestry]
  3731 | D:4      | Reached XP level 5. HP: 39/39 MP: 2/8
  3925 | D:4      | Noticed an ogre
  3936 | D:4      | Killed an ogre
  4226 | D:4      | Reached XP level 6. HP: 30/47 MP: 5/9
  4458 | D:4      | Learned a level 4 spell: Ice Form
  4597 | D:4      | Found a runed door.
  4601 | D:4      | Noticed Karim's ghost (amateur GnWz)
  4852 | D:4      | Found a runed door.
  5099 | D:5      | Entered Level 5 of the Dungeon
  5360 | D:5      | Found a bloodstained altar of Trog.
  5362 | D:5      | Reached skill level 1 in Ice Magic
  5849 | D:5      | Reached XP level 7. HP: 23/52 MP: 5/10
  5891 | D:5      | HP: 2/52 [poisoned by an orc wizard]
  6292 | D:5      | Found an ancient bone altar of Kikubaaqudgha.
  6294 | D:5      | Noticed a hippogriff
  6311 | D:5      | Killed a hippogriff
  6835 | D:5      | Noticed Edmund
  6851 | D:5      | Killed Edmund
  7593 | D:5      | Reached XP level 8. HP: 36/60 MP: 8/11
  7644 | D:5      | Found a runed door.
  7795 | D:5      | Noticed Crazy Yiuf
  7802 | D:5      | Killed Crazy Yiuf
  8143 | D:6      | Found Luiqy's Armour Shop.
  8174 | D:6      | Reached skill level 5 in Unarmed Combat
  8384 | D:6      | Noticed Menkaure
  8392 | D:6      | Killed Menkaure
  8605 | D:6      | Found a staircase to the Ecumenical Temple.
  8611 | Temple   | Entered the Ecumenical Temple
  8663 | Temple   | Became a worshipper of Warmaster Okawaru
  8731 | D:6      | Reached skill level 5 in Fighting
  8977 | D:6      | Noticed Prince Ribbit
  8987 | D:6      | Killed Prince Ribbit
  9089 | D:7      | Reached skill level 5 in Dodging
  9142 | D:7      | Reached * piety under Okawaru
  9202 | D:7      | Gained mutation: You are partially covered in iridescent
                  | scales. (AC +2) [demonic ancestry]
  9202 | D:7      | Reached XP level 9. HP: 69/69 MP: 5/12
  9560 | D:7      | Reached skill level 5 in Transmutations
 10549 | D:8      | Found a flagged portal.
 10569 | Bailey   | Entered a bailey
 10630 | Bailey   | Reached ** piety under Okawaru
 10748 | Bailey   | Got a fine shortbow
 10954 | Bailey   | Found a burning altar of Makhleb.
 10977 | Bailey   | Identified the +4 shortbow of the Globe {flame, *Corrode
                  | rElec rF++} (You found it in a bailey)
 11145 | D:8      | Got an encrusted flail
 11146 | D:8      | Identified the cursed +1 flail of the Warrior-Mage {crush,
                  | rF+ Int+4} (You found it on level 8 of the Dungeon)
 11155 | D:8      | Noticed a purple ugly thing
 11169 | D:8      | Slain by a purple ugly thing

Vault maps used:
D:1:      onia_arrival_pyramid, minmay_split_cup_large
D:2:      serial_forest, infiniplex_forest_corner_1,
          infiniplex_forest_lined_room_, infiniplex_forest_end_2,
          infiniplex_forest_end_double, infiniplex_forest_corner_1,
          infiniplex_forest_fountain, infiniplex_forest_clump_long,
          infiniplex_forest_clump_tiny
D:3:      gammafunk_temple_overflow_pools, patterned_corridor
D:4:      ebering_ghost_sewer_f, uniq_robin
D:5:      first_ration, basic_altar, st_stairs_8, minmay_misc_feat_ornament,
          bloody_trog, uniq_edmund, uniq_crazy_yiuf_cottage
D:6:      temple_green, serial_shops, nicolae_shop_trees,
          kennysheep_another_room, nicolae_underground_beach,
          uniq_prince_ribbit1, uniq_menkaure
D:7:      serial_bayou_pond_a
D:8:      cheibrodos_barr_body, enter_bailey_7
Temple:   regret_index_temple_chain_breaker
Bailey:   bailey_axe_3, bailey

Skill      XL: |  1  2  3  4  5  6  7  8  9 |
---------------+----------------------------+-----
Transmutations | 2 3 4 6 |  6.1
Unarmed Combat | 3 4 5 6 |  6.5
Fighting       | 2 3 4 5 6 |  6.5
Dodging        | 2 3 5 |  5.8
Ice Magic      | 2 3 4 |  4.0
Spellcasting   | |  2.0

Action                   |  1- 3 |  4- 6 |  7- 9 || total
-------------------------+-------+-------+-------++-------
Melee: Unarmed           |   446 |   161 |   288 ||   895
       Headbutt          |     3 |       |       ||     3
       Punch             |     8 |     2 |     5 ||    15
       Kick              |    27 |    15 |    44 ||    86
       Long sword        |       |       |    26 ||    26
       Flail             |       |       |     1 ||     1
 Fire: Shortbow          |       |       |     1 ||     1
Throw: Stone             |       |     1 |       ||     1
 Cast: Beastly Appendage |    13 |       |       ||    13
       Sticks to Snakes  |     3 |     7 |     5 ||    15
       Spider Form       |       |    12 |    15 ||    27
       Ice Form          |       |       |     7 ||     7
Invok: Heroism           |       |       |     1 ||     1
 Abil: End Transformatio |       |       |     2 ||     2
Evoke: Wand              |       |       |     4 ||     4
  Use: Scroll            |       |    11 |     6 ||    17
       Potion            |       |       |     4 ||     4
 Stab: Sleeping          |     1 |       |     2 ||     3
       Distracted        |       |       |     1 ||     1
  Eat: Chunk             |     8 |    23 |    21 ||    52
       Ration            |       |     1 |       ||     1
Armor: Robe              |    28 |    15 |    44 ||    87
       Skin              |       |     2 |    17 ||    19
Dodge: Dodged            |   113 |   106 |   251 ||   470
       Rpst.: Long sword |       |       |    10 ||    10

Table legend:
 A = Non-vault XP
 B = Vault XP
 C = Vault XP percentage of total XP
 D = Non-vault monster count
 E = Vault monster count
 F = Vault count percentage of total count
                 A         B        C        D         E       F
            +---------+---------+-------+---------+---------+-------
      Total |    3346 |    1290 |  27.8 |     118 |      38 |  24.4
            +---------+---------+-------+---------+---------+-------
        D:1 |      17 |       8 |  32.0 |      11 |       4 |  26.7
        D:2 |      28 |       0 |   0.0 |      15 |       0 |   0.0
        D:3 |      75 |       0 |   0.0 |      20 |       0 |   0.0
        D:4 |     343 |      30 |   8.0 |       9 |       9 |  50.0
        D:5 |     786 |     206 |  20.8 |      28 |       3 |   9.7
        D:6 |     587 |     434 |  42.5 |      10 |       2 |  16.7
        D:7 |    1142 |       0 |   0.0 |      15 |       0 |   0.0
        D:8 |     368 |     184 |  33.3 |      10 |       7 |  41.2
     Bailey |       0 |     428 | 100.0 |       0 |      13 | 100.0
            +---------+---------+-------+---------+---------+-------
